Falcon, chaotic male elven Priest G ------- ......... ......@.- ...<.G.... ........f G---... Falcon the Adept Experience level: 6 Strength: 11 Dexterity: 17 Constitution: 16 Intelligence: 9 Wisdom: 18 Charisma: 10 Health: 0(41) Energy: 93(104) Def: 7 Gold: 319 Moves: 2727 Dungeon seed: x-Yh9l5nCQlb3KpJ Game ID: Falcon_1615554670 Your Inventory: Coins $ - 319 gold pieces Weapons a - a blessed +1 mace (weapon in hand) w - a +1 arrow x - 12 +0 arrows (in quiver) X - 3 blessed +2 arrows Z - a +0 bow (alternate weapon; not wielded) Armor e - a +0 robe (being worn) n - a +0 small shield (being worn) q - a blessed +0 orcish helm I - a +0 dwarvish cloak J - a +0 pair of iron shoes M - a blessed +0 pair of iron shoes (being worn) P - a blessed +1 orcish helm (being worn) T - a +0 dwarvish cloak V - a +0 dwarvish cloak Comestibles c - a clove of garlic d - a sprig of wolfsbane k - 2 food rations m - a pancake Scrolls R - a scroll of enchant armor Spellbooks f - a spellbook of extra healing g - a spellbook of healing j - a spellbook of remove curse v - a spellbook of slow monster F - a spellbook of detect treasure Potions b - 4 potions of holy water p - a potion of water z - a cursed potion of extra healing E - a potion of fruit juice W - a potion of levitation Wands l - a wand of cold (0:3) A - a wand of teleportation (0:6) Tools h - a wooden harp r - a blessed oil lamp (lit) (0:815) s - a skeleton key t - a blindfold u - a towel G - 2 wax candles (0:400) H - 5 tallow candles (0:200) S - a skeleton key Gems i - a dilithium crystal y - 2 worthless pieces of yellow glass N - a diamond O - a worthless piece of yellowish brown glass Y - 2 worthless pieces of violet glass Spells and supernatural/magical abilities: Name Level Category Fail Memory h - healing 1 healing 0% 87% x - extra healing 3 healing 73% 87% W - pray for help -- divine ? -- X - turn undead -- divine ? -- Your skills at the end: Fighting Skills Weapon Skills mace [Basic] Spellcasting Skills clerical spells [Basic] Final Attributes: You were piously aligned. You were sleep resistant. You had infravision. You are dead. Vanquished creatures: a gnome king a shrieker a violet fungus 3 gnome lords a ghoul 6 dwarves a giant bat a dwarf zombie a wererat 4 killer bees a coyote a gas spore a hobbit a hobgoblin 2 giant rats a yellow mold 16 gnomes 2 geckos a jackal a fox 3 goblins 4 grid bugs a bat 4 lichens 5 newts 64 creatures vanquished. Voluntary challenges: You were an atheist. You used a wielded weapon 70 times, starting on turn 12. You read items or engraved 1 time, starting on turn 2320. You never genocided any monsters. You never polymorphed an object. You never changed form. You used no wishes. You never split a pudding. You never wrote Elbereth's name. You violated your moral code, losing 3 points of alignment, starting on turn 967. Dungeon overview: The Dungeons of Doom: levels 1 to 4 Level 1 a long staircase Level 2 a hardware shop Level 3 a fountain Level 4 stairs to The Gnomish Mines The Gnomish Mines: levels 5 to 7 Level 5 stairs to The Dungeons of Doom Level 6 Level 7 <- You were here History has recorded: On T:1 you entered the Dungeons of Doom to retrieve the Amulet of Yendor! On T:390 you reached level 2 of The Dungeons of Doom. On T:731 you reached level 3 of The Dungeons of Doom. On T:744 you advanced to experience level 2. On T:1322 you reached level 4 of The Dungeons of Doom. On T:1525 you reached level 1 of The Gnomish Mines. On T:1531 you advanced to experience level 3. On T:1614 you advanced to experience level 4. On T:2109 you reached level 2 of The Gnomish Mines. On T:2124 you advanced to experience level 5. On T:2685 you advanced to experience level 6. On T:2717 you reached level 3 of The Gnomish Mines. Score breakdown: Gold: 319 ( 8521 points) Experience: 6 levels (12456 points) Exploration: 7 levels ( 15.56%) (11078 points) Discoveries: 8 items ( 2.80%) ( 5017 points) Valuables value: (no points given unless you survive) Artifact value: 0 ( 0 points) Variety of kills: 25 monsters ( 6.56%) ( 7684 points) Turncount: 2727 turns ( -459 points) Survival: died (score multiplied by 80%) Total score: 35437 Latest messages: The violet fungus touches Qwerty. The violet fungus misses Qwerty. Qwerty misses the violet fungus. You are beginning to feel hungry. There is a staircase down here. You see here a killer bee corpse. You hear some noises. The violet fungus is killed! My, that was a yummy slime mold! You finish eating the slime mold. My, that was a yummy slime mold! You finish eating the slime mold. You fall down the stairs. You hit the gnome king! The gnome king hits! You see here a leash. The gnome king just misses! The gnome king hits! You miss the gnome king. The gnome king hits! You hit the gnome king. (2x) The gnome king hits! (2x) You die... Final status: Goodbye Falcon the Priest, killed by a gnome king... You died in The Gnomish Mines on dungeon level 7 with 35437 points, and 319 pieces of gold, after 2727 moves. You were level 6 with a maximum of 41 hit points when you died.